Map: Whispers of Gold

Players

LiquidSKill (SKillous) - Winner!

  • Race: Protoss Protoss
  • Spawn Location: 5:00

GGSHIN (SHIN)

  • Race: Zerg Zerg
  • Spawn Location: 9:00

VOD

Have the link to the VOD?

Description

Skillous Vs Shin Master Coliseum

Time

  • Played on: Jan. 14, 2025, 8:15 a.m.
  • Length: 11:52
Show
View Real Time Build Order
Export as new Build Order

LiquidSKill Protoss - Winner!

Build Orders: 1 Gate Expand, Oracle Opening 

Get SALT Encoding   

  12  0:00  Probe  
  13  0:12  Probe  
  14  0:18  Pylon  
  14  0:24  Probe  
  15  0:32  Probe  
  15  0:33  Assimilator  
  16  0:43  Probe  
  16  0:45  Gateway  
  17  0:55  Probe  
  18  1:07  Probe  
  19  1:19  Probe  
  20  1:26  Nexus  
  20  1:35  Cybernetics Core  
  20  1:38  Probe  
  21  1:43  Assimilator  
  21  1:50  Probe  
  21  1:53  Pylon  
  22  2:02  Probe  
  23  2:10  Probe  
  23  2:12  Adept  
  26  2:16  Stargate  
  26  2:18  Probe  
  27  2:23  Warp Gate  
  27  2:26  Probe  
  27  2:34  Probe  
  27  2:35  Probe  
  28  2:42  Adept  
  28  2:43  Probe  
  32  2:44  Probe  
  34  2:55  Probe  
  34  2:56  Probe  
  36  3:00  Oracle  
  39  3:07  Probe  
  39  3:08  Probe  
  41  3:21  Probe x2  
  41  3:26  Nexus  
  43  3:30  Pylon  
  43  3:33  Probe x2  
  45  3:38  Oracle  
  45  3:39  Gateway  
  45  3:45  Probe  
  49  3:48  Probe  
  49  3:53  Twilight Council  
  50  3:57  Probe  
  50  3:59  Assimilator  
  50  4:02  Pylon  
  51  4:06  Probe  
  52  4:10  Probe, Blink  
  53  4:18  Probe  
  53  4:21  Gateway  
  53  4:23  Probe, Gateway  
  53  4:26  Nexus  
  53  4:30  Adept  
  55  4:37  Probe  
  56  4:42  Shield Battery  
  56  4:43  Adept  
  56  4:44  Pylon  
  56  4:46  Probe  
  57  4:55  Probe  
  57  4:57  Adept  
  57  4:58  Probe  
  57  4:59  Assimilator  
  61  5:01  Pylon  
  61  5:03  Adept  
  63  5:07  Probe  
  63  5:10  Probe  
  65  5:14  Gateway  
  65  5:15  Gateway  
  65  5:17  Stalker  
  65  5:18  Stalker  
  69  5:22  Stalker  
  69  5:23  Probe  
  69  5:25  Probe  
  73  5:34  Stalker  
  75  5:36  Probe  
  75  5:37  Probe  
  77  5:48  Probe  
  77  5:49  Probe  
  75  5:52  Probe  
  75  5:54  Stalker x3  
  80  6:00  Probe, Stalker  
  83  6:05  Probe x2, Forge  
  83  6:07  Forge  
  83  6:09  Stalker  
  83  6:11  Stalker  
  89  6:16  Probe  
  89  6:17  Probe, Pylon  
  91  6:18  Probe  
  92  6:28  Pylon, Assimilator x2  
  92  6:29  Probe  
  93  6:33  Pylon, Protoss Ground Armor Level 1, Charge, Protoss Ground Weapons Level 1  
  93  6:35  Probe x2  
  95  6:40  Stalker x3  
  101  6:51  Stalker x3  
  107  6:57  Robotics Facility  
  107  7:04  Gateway x2  
  107  7:06  Stalker  
  109  7:19  Stalker x4  
  117  7:23  Pylon x2  
  117  7:31  Shield Battery  
  117  7:32  Pylon  
  117  7:37  Templar Archives  
  117  7:44  Stalker x5  
  117  7:50  Warp Prism  
  129  7:53  Pylon  
  129  7:56  Psionic Storm  
  129  7:57  Stalker  
  131  8:01  Stalker x2  
  133  8:16  Protoss Ground Armor Level 2, Protoss Ground Weapons Level 2  
  133  8:19  High Templar x3  
  139  8:20  Zealot x3  
  139  8:23  Pylon  
  139  8:24  Pylon  
  143  8:41  Zealot x5  
  154  9:00  Observer  
  154  9:01  Pylon  
  154  9:06  Stalker x4  
  160  9:11  Nexus  
  160  9:15  Gateway x2  
  154  9:33  High Templar  
  154  9:35  Zealot x5  
  148  9:57  Pylon  
  138  10:01  Stalker x5  
  142  10:11  Archon  
  107  10:22  Stalker x3  
  110  10:29  Zealot x5  
  116  10:44  Probe x3  
  116  10:47  Zealot x2  
  116  10:48  Zealot  
  126  10:50  Immortal  
  126  10:52  Stalker  
  126  10:53  Stalker x2  
  126  10:54  Gateway  
  135  11:05  Zealot x2  
  135  11:10  Zealot x3  
  132  11:23  Stalker x3  
  129  11:26  Stalker x2  
  127  11:34  Stalker  
  123  11:45  Zealot x2  
  123  11:46  Zealot x2  
Show
View Real Time Build Order
Export as new Build Order

GGSHIN Zerg 

Build Orders: Hatch First, Roach Hydra 

Get SALT Encoding   

  12  0:00  Drone  
  13  0:07  Drone  
  13  0:14  Extractor  
  13  0:15  Drone  
  15  0:35  Hatchery  
  15  0:40  Extractor  
  15  0:41  Drone  
  15  0:47  Overlord  
  15  1:05  Drone x3  
  18  1:17  Spawning Pool, Drone  
  18  1:18  Extractor  
  17  1:27  Drone  
  18  1:39  Drone  
  19  1:47  Drone  
  19  1:48  Drone  
  21  2:00  Drone x2  
  23  2:04  Queen x2  
  27  2:09  Zergling x2  
  27  2:11  Overlord  
  28  2:27  Metabolic Boost  
  28  2:29  Drone x2  
  30  2:31  Drone x2  
  32  2:41  Drone  
  33  2:47  Zergling x2  
  33  2:48  Hatchery  
  33  2:53  Queen  
  33  2:58  Overlord  
  35  3:00  Drone  
  36  3:16  Zergling x16  
  36  3:19  Overlord  
  44  3:23  Spore Crawler  
  44  3:24  Drone  
  44  3:31  Overlord x2  
  44  3:41  Drone  
  45  3:44  Drone x3  
  45  3:46  Queen  
  50  3:53  Drone  
  50  3:55  Drone  
  52  3:57  Extractor  
  52  4:01  Drone x2, Queen  
  52  4:02  Drone  
  57  4:05  Drone x2  
  57  4:08  Drone  
  59  4:11  Spore Crawler  
  59  4:12  Drone  
  59  4:14  Drone  
  59  4:16  Drone  
  60  4:19  Drone x2  
  60  4:22  Overlord  
  61  4:24  Drone  
  61  4:25  Drone  
  61  4:29  Drone x3  
  66  4:34  Queen  
  66  4:37  Overlord  
  67  4:39  Drone  
  67  4:40  Drone  
  67  4:45  Roach Warren  
  67  4:46  Drone x2  
  67  4:48  Drone  
  67  4:49  Drone  
  67  4:51  Drone  
  67  4:52  Drone  
  71  4:58  Zergling x4  
  71  4:59  Drone x3  
  76  5:01  Extractor  
  76  5:02  Extractor  
  76  5:03  Drone  
  75  5:09  Lair  
  75  5:12  Drone x3  
  75  5:13  Drone x3, Extractor  
  80  5:16  Zergling x2  
  80  5:17  Zergling x4  
  80  5:18  Drone  
  84  5:22  Drone  
  84  5:24  Extractor  
  84  5:27  Drone x3  
  87  5:29  Spore Crawler, Drone x2  
  88  5:37  Extractor  
  88  5:39  Drone  
  88  5:40  Evolution Chamber  
  88  5:42  Drone x2  
  87  5:46  Drone x3  
  87  5:47  Drone  
  85  5:54  Overlord  
  85  6:00  Drone x3  
  88  6:05  Hatchery  
  88  6:06  Zerg Missile Weapons Level 1  
  88  6:08  Zergling x8  
  88  6:09  Glial Reconstitution, Hydralisk Den  
  89  6:12  Overlord x2  
  89  6:20  Overlord  
  89  6:23  Roach x2  
  89  6:24  Roach x2  
  97  6:28  Overlord x2  
  97  6:29  Overlord  
  97  6:35  Roach x4  
  97  6:37  Grooved Spines  
  105  6:45  Overlord  
  104  6:47  Hydralisk x2  
  104  6:48  Hydralisk  
  104  6:49  Hydralisk  
  104  6:54  Hydralisk x2, Overseer  
  112  6:55  Hydralisk x2  
  112  6:57  Hatchery  
  112  7:00  Hydralisk  
  121  7:04  Hydralisk  
  121  7:05  Zergling x12  
  129  7:13  Hydralisk x2  
  129  7:15  Overlord  
  130  7:20  Drone x2  
  132  7:25  Hydralisk x3  
  132  7:28  Overlord  
  138  7:30  Muscular Augments  
  138  7:31  Overlord  
  138  7:32  Overlord x3  
  138  7:33  Hatchery  
  134  7:39  Hydralisk x2  
  134  7:43  Hydralisk  
  139  7:47  Hydralisk  
  139  7:49  Hydralisk x3  
  139  7:50  Hydralisk  
  149  7:52  Roach  
  151  7:59  Roach  
  151  8:00  Roach  
  151  8:02  Roach x3  
  151  8:03  Overlord  
  161  8:06  Roach  
  161  8:12  Zergling x6  
  159  8:13  Overlord  
  159  8:16  Roach  
  159  8:19  Roach x3  
  166  8:20  Zerg Missile Weapons Level 2  
  166  8:23  Overlord  
  160  8:27  Roach x2  
  160  8:30  Zergling x6  
  167  8:34  Infestation Pit  
  167  8:36  Roach x2  
  167  8:37  Zergling x2  
  171  8:42  Ravager  
  171  8:43  Ravager x2  
  171  8:44  Zergling x6  
  171  8:47  Roach x2  
  181  8:51  Zergling x6  
  181  8:55  Ravager x2  
  185  8:56  Zergling x8  
  185  9:00  Roach x2  
  187  9:10  Zergling x16  
  187  9:14  Roach  
  187  9:20  Roach x4  
  182  9:26  Zergling x12  
  185  9:31  Hydralisk x2  
  185  9:36  Roach x3  
  186  9:42  Zergling x2  
  186  9:43  Zergling x6  
  174  9:48  Drone x3  
  174  9:51  Drone  
  172  9:56  Drone x2  
  172  9:57  Drone  
  172  9:58  Drone  
  168  10:03  Lurker Den, Extractor  
  168  10:04  Extractor  
  159  10:12  Drone  
  159  10:13  Drone x8  
  147  10:19  Zergling x10  
  133  10:26  Zergling x12  
  139  10:29  Zergling x6  
  139  10:30  Roach  
  139  10:32  Roach  
  139  10:33  Hydralisk  
  139  10:35  Roach  
  142  10:42  Roach  
  126  10:44  Roach x2  
  126  10:46  Hydralisk  
  126  10:48  Roach  
  126  10:49  Roach  
  127  10:51  Roach  
  127  10:54  Hydralisk  
  127  10:55  Roach  
  127  10:57  Roach  
  133  10:58  Roach  
  133  11:00  Roach  
  133  11:01  Roach  
  133  11:03  Hydralisk  
  138  11:06  Hydralisk  
  138  11:08  Lurker  
  138  11:09  Hydralisk  
  140  11:13  Hydralisk x2  
  140  11:15  Hydralisk  
  140  11:17  Hydralisk  
  137  11:21  Hydralisk  
  137  11:22  Roach  
  137  11:25  Hydralisk  
  120  11:27  Zergling x2  
  120  11:31  Zergling x6  
Tags
 
Add a new tag
Caveats
  • Supply blocks, unpowered buildings, or Contaminate may cause inaccurate times.
  • Supply counts are checked every 10 seconds.